 Dungeon Crawl Stone Soup version 0.25-a0-835-gb37b1c2 (webtiles) character file.

Game seed: 18289739008388158890, levelgen mode: deterministic

305 Kurtz the Chopper (level 6, 0/47 HPs)
             Began as a Mummy Chaos Knight on Apr 23, 2020.
             Was a Plaything of Xom.
             Slain by an orc
             ... wielding a +2 falchion of electrocution
              (10 damage)
             ... on level 3 of the Dungeon.
             The game lasted 00:02:18 (2146 turns).

Kurtz the Chopper (Mummy Chaos Knight)              Turns: 2146, Time: 00:02:18

Health: 0/47       AC:  5    Str: 16    XL:     6   Next: 16%
Magic:  6/6        EV: 12    Int: 12    God:    Xom [..*...]
Gold:   91         SH:  0    Dex: 16    Spells: 5/5 levels left

rFire    x . .     SeeInvis .   a - +0 hand axe (chaos)
rCold    + . .     Gourm    .   (no shield)
rNeg     + + +     Faith    .   n - +0 steam dragon scales
rPois    ∞         Spirit   .   (no helmet)
rElec    .         Reflect  .   (no cloak)
rCorr    .         Harm     .   (no gloves)
MR       .....                  (no boots)
Stlth    +.........             (no amulet)
HPRegen  0.15/turn              j - +4 ring of dexterity
MPRegen  0.10/turn              (no ring)

@: no status effects
A: no food or potions, fire vulnerability, cold resistance 1, negative energy
resistance 3, torment resistance, unbreathing
a: Renounce Religion


You were on level 3 of the Dungeon.
You worshipped Xom.
You were a toy of Xom.
You were not hungry.

You visited 1 branch of the dungeon, and saw 3 of its levels.

You collected 91 gold pieces.

Inventory:

Hand Weapons
 a - a +0 hand axe of chaos (weapon)
Missiles
 k - 2 boomerangs (quivered)
 m - 15 poisoned darts
Armour
 b - a +2 leather armour
 d - a +0 chain mail
 n - +0 steam dragon scales (worn)
Jewellery
 j - a +4 ring of dexterity (left hand)
Scrolls
 c - 4 scrolls of identify {unknown}
 e - 2 scrolls of fear {unknown}
 f - 2 scrolls of random uselessness {unknown}
 g - a scroll of fog {unknown}
 h - a scroll of teleportation {unknown}
 i - a scroll of remove curse {unknown}
 l - a scroll of immolation {unknown}


   Skills:
 + Level 3.1 Fighting
 * Level 5.6 Axes
 - Level 1.5 Armour
 - Level 1.3 Dodging


You had 5 spell levels left.
You didn't know any spells.
Your spell library contained the following spells:

 Spells                   Type           Power        Failure   Level  Hunger
 Magic Dart               Conj           #...         32%         1    N/A
 Blink                    Tloc           N/A          45%         2    N/A
 Call Imp                 Summ           #.......     45%         2    N/A
 Slow                     Hex            #.......     45%         2    N/A
 Conjure Flame            Conj/Fire      #.......     69%         3    N/A
 Mephitic Cloud           Conj/Pois/Air  #.......     69%         3    N/A

Dungeon Overview and Level Annotations

Branches:
Dungeon (3/15)

Altars:
Xom


Innate Abilities, Weirdness & Mutations

You do not eat or drink.
Your flesh is vulnerable to fire.
You are immune to poison.
Your flesh is cold resistant. (rC+)
You are immune to negative energy. (rN+++)
You are immune to unholy pain and torment.
You can survive without breathing.


Message History

You closely miss the orc wizard.
The orc hits you with a +2 falchion of electrocution.
You are electrocuted!
The orc barely misses you.
The orc wizard points at you and mumbles some strange words.
The puff of frost misses you.
You are too injured to fight recklessly!
You closely miss the orc.
The orc is moderately wounded.
You closely miss the orc wizard. The orc hits you but does no damage.
The orc priest calls down the wrath of Beogh upon you.
Beogh smites you!
* * * LOW HITPOINT WARNING * * *
A shower of butterflies erupts from you!
The orc wizard closely misses you.
You completely miss the orc.
The orc is moderately wounded.
You barely miss the orc wizard. The orc hits you but does no damage.
You are electrocuted!
You die...
Xom roars with laughter!

#..###>...#.##..........## ###
...##.......###..........#
..##......##..### #..........# ##
#.##......##..## #..........#
.###.#....##..#...# #......>...#
..........###.#.#.####..........#
....).......#...#...###........##
...............o#.#.###........##
####..##......oo@.#.##..........#
###...##........)b#.##..........#
.#..#)#o..###.#.b...............#
...##.o..####(#.....))...........
.#.#.).#....#......#............^
.%........#..##(#..(#..........##
.......†..##....((.).............
..............#.#.........#######
..)...†...###...#<..###.........#


You could see an orc priest, an orc wizard and an orc (berserk).

Vanquished Creatures
  A phantom (D:2)
  An orc priest (D:3)
  2 worker ants (D:3)
  2 orc wizards (D:3)
  A hound skeleton (D:2)
  An adder (D:3)
  2 worms (D:3)
  A dart slug (D:3)
  A leopard gecko (D:3)
  10 orcs (D:3)
  A giant cockroach (D:3)
  5 goblins
  5 hobgoblins
  17 jackals
  A ball python (D:2)
  6 bats
  3 frilled lizards
  12 kobolds
  3 rats
75 creatures vanquished.

Notes
Turn   | Place    | Note
-------+----------+-------------------------------------------
     0 | D:1      | Kurtz the Mummy Chaos Knight began the quest for the Orb.
     0 | D:1      | Reached XP level 1. HP: 18/18 MP: 1/1
    31 | D:1      | XOM: silly message
   129 | D:1      | XOM: silly message
   331 | D:1      | XOM: silly message
   343 | D:1      | Reached XP level 2. HP: 22/24 MP: 2/2
   350 | D:1      | XOM: divination: magic mapping
   357 | D:1      | XOM: fog
   375 | D:1      | Reached skill level 3 in Axes
   539 | D:2      | XOM: 3-stop teleportation journey
   774 | D:2      | Reached XP level 3. HP: 25/29 MP: 3/3
   964 | D:2      | Noticed a phantom
   973 | D:2      | XOM: scenery: create altars
   995 | D:2      | XOM: scenery: create altars
   996 | D:2      | XOM: destruction
   998 | D:2      | XOM: potion effect (haste)
   999 | D:2      | XOM: noise
  1009 | D:2      | Killed a phantom
  1009 | D:2      | Reached skill level 4 in Axes
  1009 | D:2      | Reached skill level 1 in Dodging
  1009 | D:2      | Reached XP level 4. HP: 33/35 MP: 4/4
  1081 | D:2      | XOM: silly message
  1108 | D:3      | XOM: divination: detect creatures
  1130 | D:3      | Reached XP level 5. HP: 34/41 MP: 5/5
  1344 | D:3      | XOM: noise
  1395 | D:3      | Reached skill level 5 in Axes
  1758 | D:3      | XOM: 1-stop teleportation journey
  1763 | D:3      | XOM: butterfly on damage
  1767 | D:3      | Reached XP level 6. HP: 23/47 MP: 6/6
  1772 | D:3      | XOM: cloud trail
  2145 | D:3      | XOM: butterfly on damage
  2146 | D:3      | Slain by an orc

Levels and vault maps discovered:
D:1:      mrwooster_arrival_statue_2, layout_loops_ring, due_unseen_surprise
D:2:      layout_loops_ring, first_ration
D:3:      layout_rooms, chequers_avenue

Skill      XL: |  1  2  3  4  5 |
---------------+----------------+-----
Axes           | 3 4 5 |  5.6
Dodging        | 1 |  1.3
Fighting       | |  3.1
Armour         | |  1.5

Action                   |  1- 3 |  4- 6 || total
-------------------------+-------+-------++-------
Melee: Hand axe          |    97 |   107 ||   204
Armor: Chain mail        |    80 |    79 ||   159
       Leather armour    |     1 |       ||     1
       Steam dragon scal |       |     3 ||     3
Dodge: Dodged            |    49 |    45 ||    94

Table legend:
 A = Non-vault XP
 B = Vault XP
 C = Vault XP percentage of total XP
 D = Non-vault monster count
 E = Vault monster count
 F = Vault count percentage of total count
                 A         B        C        D         E       F
            +---------+---------+-------+---------+---------+-------
      Total |     437 |       0 |   0.0 |      75 |       0 |   0.0
            +---------+---------+-------+---------+---------+-------
        D:1 |      16 |       0 |   0.0 |      10 |       0 |   0.0
        D:2 |     138 |       0 |   0.0 |      20 |       0 |   0.0
        D:3 |     283 |       0 |   0.0 |      45 |       0 |   0.0
            +---------+---------+-------+---------+---------+-------
